 Dungeon Crawl Stone Soup version 0.17-b1-15-g0f5fb43 (webtiles) character file.

97 Cookie the Skirmisher (level 4, -7/37 HPs)
             Began as a Demonspawn Wanderer on Nov 7, 2015.
             Killed from afar by an orc wizard (13 damage)
             ... with a puff of flame
             ... on level 3 of the Dungeon.
             The game lasted 00:05:41 (2554 turns).

Cookie the Skirmisher (Demonspawn Wanderer)         Turns: 2554, Time: 00:05:41

Health: -7/37      AC:  4    Str: 12    XL:     4   Next: 42%
Magic:  4/4        EV: 10    Int: 13    God:
Gold:   125        SH:  0    Dex: 14    Spells: 0 memorised, 3 levels left

rFire  x . .     SeeInvis .       - Unarmed
rCold  + . .     Clarity  .     g - +0 leather armour {rPois}
rNeg   . . .     SustAt   .     (no shield)
rPois  +         Gourm    .     (no helmet)
rElec  .         Spirit   .     i - +0 cloak
rCorr  .         Warding  .     (no gloves)
rMut   .         Stasis   .     (no boots)
MR     .....                    (no amulet)
Stlth  +.........               (no ring)
                                m - ring of ice

@: lethally poisoned (-7 -> -8), not resistant to hostile enchantments, very
unstealthy
A: claws 1
a: no special abilities


You were on level 3 of the Dungeon.
You were hungry.

You visited 1 branch of the dungeon, and saw 3 of its levels.

You collected 125 gold pieces.

Inventory:

Armour
 d - a +0 robe
 e - a +0 pair of gloves
 g - a +0 leather armour of poison resistance (worn)
 i - a +0 cloak (worn)
 u - a +0 cloak
Jewellery
 m - a ring of ice (left claw)
Scrolls
 h - 2 scrolls of recharging {unknown}
 k - 2 scrolls of remove curse {unknown}
 l - 2 scrolls of enchant weapon {unknown}
 n - 2 scrolls of teleportation {unknown}
 p - a scroll of identify {unknown}
 t - a scroll of random uselessness {unknown}
Potions
 a - 3 potions of heal wounds
 b - 5 potions of lignification
 c - 5 potions of curing
 j - a potion of cancellation {unknown}
 o - a potion of invisibility {unknown}
 q - 2 potions of ambrosia {unknown}
 r - 2 potions of haste {unknown}
Comestibles
 f - 5 bread rations


   Skills:
 - Level 4.0 Fighting
   Level 1.0 Long Blades
 + Level 3.7 Armour
 - Level 1.0 Stealth
   Level 1.0 Shields
 - Level 2.6 Unarmed Combat


You had 3 spell levels left.
You didn't know any spells.

Dungeon Overview and Level Annotations

Branches:
Dungeon (3/15)

Altars:
Qazlal


Innate Abilities, Weirdness & Mutations

You have sharp fingernails.


Message History

The orc is heavily wounded.
You hear some strange, mumbled words.
The orc misses you.
You claw the orc!
You kill the orc!
You feel sick. Something hits you!
You closely miss something. Something hits you!
Something hits you but does no damage.
You scratch something. Something hits you but does no damage.
You scratch something.
You hear some strange, mumbled words.
A puff of frost appears from out of thin air!
The puff of frost hits you! You resist.
* * * LOW HITPOINT WARNING * * *
You feel sick. Something hits you.
* * * LOW HITPOINT WARNING * * *
A puff of flame appears from out of thin air!
The puff of flame hits you! The fire burns you terribly!
You die...

#..# #..#
##.# #..# #.#
#..# .#.# #.#
#..# .... #.#
#..# .... #.#
#..# #### #.#
#..# #.#
#..#########.
#.#
#(...@......$
###
#(#######.##.
#...).#
##..### #..
#... #. ####
.. .. ..#


There were no monsters in sight!

Vanquished Creatures
  A crimson imp (D:3)
  2 adders
  An ooze (D:1)
  A worm (D:3)
  A giant gecko (D:2)
  An orc (D:3)
  4 giant cockroaches
  5 hobgoblins
  4 jackals (D:2)
  3 kobolds
  7 bats
  2 giant newts
  4 goblins
  3 rats
39 creatures vanquished.

Notes
Turn   | Place    | Note
--------------------------------------------------------------
     0 | D:1      | Cookie the Demonspawn Wanderer began the quest for the Orb.
     0 | D:1      | Cookie set off with: 2 potions of heal wounds, a potion of lignification, a potion of curing, a +0 robe, a +0 club, a bread ration
     0 | D:1      | Reached XP level 1. HP: 19/19 MP: 1/1
   361 | D:1      | Reached skill level 1 in Armour
   368 | D:1      | Gained mutation: You have sharp fingernails. [demonic ancestry]
   368 | D:1      | Reached XP level 2. HP: 18/25 MP: 2/2
  1261 | D:2      | Reached XP level 3. HP: 20/30 MP: 3/3
  1726 | D:2      | Found a stormy altar of Qazlal.
  2540 | D:3      | Reached XP level 4. HP: 35/37 MP: 4/4
  2554 | D:3      | Killed from afar by an orc wizard

Action                   |  1- 3 |  4- 6 || total
-------------------------+-------+-------++-------
Melee: Club              |    22 |       ||    22
       Unarmed           |   122 |     8 ||   130
 Stab: Sleeping          |     3 |       ||     3
  Eat: Chunk             |     3 |       ||     3
       Pizza             |     1 |       ||     1
